 Dungeon Crawl Stone Soup version 0.29-a0-789-g7a8fcbc185 (webtiles) character file.

Game seed: 11828909857524967430

128 gobodom the Chopper (level 4, -2/37 HPs)
             Began as a Minotaur Gladiator on July 3, 2022.
             Slain by an orc
             ... wielding a +2 whip of venom
              (4 damage)
             ... on level 3 of the Dungeon.
             The game lasted 00:06:17 (2457 turns).

gobodom the Chopper (Minotaur Gladiator)            Turns: 2457, Time: 00:06:19

Health: -2/37      AC:  5    Str: 19    XL:     4   Next: 87%
Magic:  3/3        EV: 13    Int:  7    God:
Gold:   57         SH:  0    Dex: 17    Spells: 3/3 levels left

rFire   . . .      SeeInvis .   a - +0 war axe
rCold   . . .      Faith    .   j - orb {mayhem}
rNeg    . . .      Spirit   .   h - +0 ring mail
rPois   .          Reflect  .   c - +0 hat
rElec   .          Harm     .   (no cloak)
rCorr   .          Rampage  .   (no gloves)
Will    .....                   (no boots)
Stlth   +.........              (no amulet)
HPRegen 0.12/turn               u - +6 ring of dexterity
MPRegen 0.08/turn               (no ring)

@: lethally poisoned (-2 -> -21)
A: horns 2, retaliatory headbutt
a: no special abilities


You were on level 3 of the Dungeon.
You visited 1 branch of the dungeon, and saw 3 of its levels.

You collected 57 gold pieces.

Inventory:

Hand Weapons
 a - a +0 war axe (weapon)
 r - a +2 mace of venom
Missiles
 d - 3 throwing nets (quivered)
 e - a javelin
 f - 3 boomerangs
Armour
 b - a +0 leather armour
 c - a +0 hat (worn)
 h - a +0 ring mail (worn)
 j - an orb of mayhem (worn)
Jewellery
 u - a +6 ring of dexterity (left hand)
 x - a ring of flight
Scrolls
 g - a scroll of noise {unknown}
 k - 2 scrolls of teleportation
 l - 3 scrolls of identify {unknown}
 m - 2 scrolls of fear {unknown}
 o - a scroll of blinking {unknown}
 p - a scroll of torment {unknown}
 t - a scroll of summoning {unknown}
 w - a scroll of enchant weapon {unknown}
Potions
 i - a potion of curing {unknown}
 n - a potion of mutation {unknown}
 q - a potion of heal wounds {unknown}
 s - a potion of might {unknown}
 v - a potion of haste {unknown}


   Skills:
 + Level 2.8 Fighting
 + Level 4.8 Axes
 + Level 0.1(2.9) Maces & Flails
 + Level 2.2 Throwing
 + Level 2.7 Armour
 + Level 4.2 Dodging
 + Level 0.3 Stealth


You had 3 spell levels left.
You didn't know any spells.
Your spell library was empty.

Dungeon Overview and Level Annotations

Branches:
Dungeon (3/15)

Altars:

Shops:
D:1 :


Innate Abilities, Weirdness & Mutations

You have a pair of horns on your head.
You reflexively headbutt those who attack you in melee.


Message History

The gnoll hits you with a +0 spear!
The gnoll closely misses the orc wizard.
You hear a shout!
You barely miss the gnoll.
The gnoll is severely wounded.
The gnoll hits the orc wizard with a +0 halberd!
The orc wizard points at you and mumbles some strange words.
You resist with some effort. The gnoll closely misses you.
The gnoll hits the orc wizard with a +0 halberd!
The orc wizard dies!
The gnoll misses you.
You hit the gnoll. You headbutt the gnoll.
You kill the gnoll!
The gnoll barely misses you.
An orc comes into view. It is wielding a +2 whip of venom.
The gnoll closely misses you.
Things that are here:
a +0 hand axe; an orc corpse You slash the gnoll!
The gnoll is heavily wounded.
The gnoll completely misses you. The gnoll hits you with a +0 halberd!
You slash the gnoll!
You kill the gnoll!
The orc flies into a frenzy!
The orc shouts!
The orc shouts!
You barely miss the orc. You headbutt the orc, but do no damage.
The orc hits you with a +2 whip of venom.
* * * LOW HITPOINT WARNING * * *
You are lethally poisoned!
The orc hits you with a +2 whip of venom.
* * * LOW HITPOINT WARNING * * *
You are more poisoned.
You hit the orc.
The orc is heavily wounded.
* * * LOW HITPOINT WARNING * * *
You feel extremely sick. The orc closely misses you.
The orc hits you with a +2 whip of venom.
You die...

#.....# ###.....#
.......# ## #......#
#.### #......# #.@.#
#......#
##+#+#o#####......####
#.....))))............
#.....†.)...#.........
#...........#...g.....
#........)..#.........
#...........#..o......
#..........o##........
#....$......##........


You could see an orc and a neutral orc (fast, strong, insane).

Vanquished Creatures
  2 gnolls (D:3)
  4 bats
  5 endoplasms
  A giant cockroach (D:1)
  13 goblins
  7 hobgoblins
  3 jackals (D:3)
  4 quokkas
  3 ball pythons
  2 frilled lizards (D:1)
  4 kobolds
  2 rats (D:1)
50 creatures vanquished.

Vanquished Creatures (collateral kills)
  An orc wizard (D:3)
  Robin (D:2)
  A gnoll (D:3)
  An orc (D:3)
  2 goblins (D:2)
6 creatures vanquished.

Vanquished Creatures (others)
  An orc (D:3)
  A goblin (D:2)
2 creatures vanquished.

Grand Total: 58 creatures vanquished

Notes
Turn   | Place    | Note
-------+----------+-------------------------------------------
     0 | D:1      | gobodom the Minotaur Gladiator began the quest for the Orb.
     0 | D:1      | Reached XP level 1. HP: 18/18 MP: 0/0
   427 | D:1      | Reached XP level 2. HP: 25/25 MP: 1/1
   628 | D:1      | Found Xetsupt's Book Shoppe.
  1420 | D:2      | Reached XP level 3. HP: 30/30 MP: 2/2
  1841 | D:2      | Noticed Robin
  1846 | D:2      | Reached skill level 1 in Armour
  1849 | D:2      | Killed Robin
  2442 | D:3      | Reached XP level 4. HP: 37/37 MP: 3/3
  2457 | D:3      | Slain by an orc

Illustrated notes

Levels and vault maps discovered:
D:1:      amcnicky_arrival_gap_in_the_tavern_cellar, layout_basic, serial_shops,
          shop
D:2:      minmay_door_path, layout_basic, uniq_robin
D:3:      layout_basic, uniq_ijyb

Skill      XL: |  1  2  3  4 |
---------------+-------------+-----
Axes           | 4 |  4.8
Armour         | 2 |  2.7
Dodging        | 4 |  4.2
Fighting       | |  2.8
Maces & Flails | |  0.1
Throwing       | |  2.2
Stealth        | |  0.3

Action                   |  1- 3 |  4- 6 || total
-------------------------+-------+-------++-------
Melee: War axe           |    73 |     9 ||    82
       Headbutt          |    11 |     2 ||    13
       Mace              |     9 |       ||     9
  Use: Scroll            |     1 |       ||     1
Armor: Ring mail         |    32 |     1 ||    33
       Leather armour    |     1 |       ||     1
Dodge: Dodged            |    72 |    11 ||    83

Table legend: (Time is in decaauts)
 A = Elapsed time spent in this place.
 B = Non-inter-level travel time spent in this place.
 C = Inter-level travel time spent in this place.
 D = Time resting spent in this place.
 E = Time spent auto-exploring this place.
 F = Levels seen in this place.
 G = Mean time per level.
                   A        B        C        D        E       F      G
               +--------+--------+--------+--------+--------+-----+--------+
         Total |   2480 |   2430 |     50 |      0 |   2015 |   3 |  826.7 |
       Dungeon |   2480 |   2430 |     50 |      0 |   2015 |   3 |  826.7 |
               +--------+--------+--------+--------+--------+-----+--------+

Top non-repeatable levels by time:
     D:2: 1234 daAuts
     D:1: 1218 daAuts
     D:3: 27 daAuts
